Cogmind - Beta 10.2 *** ADVENTURER MODE // 2021.03.12 @ 21:46:29 Player: Filth Result: Destroyed by as-29493 with Assembled Rifle Performance ------------- Evolutions (1) 500 Regions Visited (3) 600 Robots Destroyed (7) 35 Value Destroyed (256) 256 Prototype IDs (2) 40 Alien Tech Used (0) 0 Bonus (0) 0 TOTAL SCORE: 1431 Bonus ------- None Cogmind --------- Core Integrity 0/400 Matter 300/300 Energy 100/100 System Corruption 0% Temperature Cool (0) Movement Core (550) Ox10 Location -9/Mines Parts ------- > --- POWER (3) -------- (None) > --- PROPULSION (2) --- (None) > --- UTILITY (2) ------ High-capacity Storage Unit > --- WEAPON (2) ------- (None) > --- INVENTORY (12) --- Aluminum Leg Flight Unit Large Storage Unit High-capacity Matter Pod (200) Terrain Scanner Terrain Scanner Improved Terrain Scanner Targeting Computer EM Pulse Cannon Light Assault Rifle Peak State ------------ > --- POWER ------------ Light Ion Engine > --- PROPULSION ------- Aluminum Leg Aluminum Leg > --- UTILITY ---------- Large Storage Unit Improved Terrain Scan Processor > --- WEAPON ----------- EM Pulse Cannon Ion Cannon > --- INVENTORY -------- Aluminum Leg Flight Unit High-capacity Matter Pod Terrain Scanner Terrain Scanner Targeting Computer Light Assault Rifle Light Assault Rifle [Rating: 13] Favorites ----------- Power Light Ion Engine Engine Light Ion Engine Propulsion Aluminum Leg Leg Aluminum Leg Utility Large Storage Unit Device Sensor Array Storage Large Storage Unit Processor Improved Terrain Scan Processor Weapon Light Assault Rifle Energy Gun EM Pulse Gun Energy Cannon Ion Cannon Ballistic Gun Light Assault Rifle Build | -11 -10 -9 -9 ------- Run | Scr Mat Mat Min Slots Evolved 2 | . . 2 . Power 2 | . . 2 . Propulsion . | . . . . Utility . | . . . . Weapon . | . . . . Parts Attached 22 | 7 6 5 4 Power 2 | 1 1 . . Engine 2 | 1 1 . . Core . | . . . . Reactor . | . . . . Propulsion 5 | 3 . 2 . Treads . | . . . . Leg 5 | 3 . 2 . Wheel . | . . . . Hover . | . . . . Flight . | . . . . Utility 7 | 1 4 1 1 Device 3 | . 3 . . Storage 3 | 1 1 . 1 Processor 1 | . . 1 . Hackware . | . . . . Protection . | . . . . Artifact . | . . . . Weapon 8 | 2 1 2 3 Energy Gun 1 | 1 . . . Energy Cannon 3 | . . 2 1 Ballistic Gun 4 | 1 1 . 2 Ballistic Cannon . | . . . . Launcher . | . . . . Special Weapon . | . . . . Impact Weapon . | . . . . Slashing Weapon . | . . . . Piercing Weapon . | . . . . Special Melee Weapon . | . . . . Unidentified Prototypes . | . . . . Parts Lost 6 | . 1 . 5 Power . | . . . . Propulsion 2 | . . . 2 Utility 2 | . 1 . 1 Weapon 2 | . . . 2 Highest Loss Streak 3 | . 1 . 3 Average Slot Usage (%) 74 | . 93 77 50 Engine 9 | . 14 11 3 Leg 21 | . 28 22 14 Device 6 | . 10 9 . Storage 12 | . 14 11 11 Processor 4 | . . 1 10 Energy Gun 3 | . 7 . . Energy Cannon 3 | . . 2 8 Ballistic Gun 12 | . 17 19 2 Naked Turns . | . . . . Heaviest Build 39 | 10 23 31 39 Greatest Support 20 | 20 20 20 20 Greatest Overweight (x) 3 | . 1 1 3 Average Overweight (x) . | . . 1 1 Largest Inventory Capacity 12 | 6 10 10 12 Average Capacity 9 | 5 9 10 11 Most Carried 10 | 3 4 8 10 Average Carried 4 | 1 2 5 9 Final Capacity 12 | 6 10 10 12 Final Carried 10 | 2 4 8 10 Class Distribution -------------------- 100% | Mutant Dominant Class ---------------- Mutant | -10/Materials Mutant | -9/Materials Mutant | -9/Mines Resources | -11 -10 -9 -9 ----------- Run | Scr Mat Mat Min Matter Collected 693 | 229 188 99 177 Remotely . | . . . . Salvage Created 356 | . 195 99 62 Parts 17 | . 13 4 . Haulers Intercepted . | . . . . Recyclers Shooed . | . . . . Parts Field Recycled . | . . . . Retrieved Matter . | . . . . Parts Self-Destructed . | . . . . Prevented . | . . . . Kills | -11 -10 -9 -9 ------- Run | Scr Mat Mat Min Combat Hostiles Destroyed 10 | . 4 2 4 Guns 9 | . 4 2 3 Cannons 1 | . . . 1 Classes Destroyed 3 | . 2 . 1 Watcher 1 | . 1 . . Grunt 6 | . 4 2 . Assembled 4 | . . . 4 Best Kill Streak 4 | . 1 2 4 Combat Bots Only 4 | . 1 2 4 Max Kills in Single Turn 1 | . 1 1 1 Gunslinging . | . . . . Exploded . | . . . . Melee . | . . . . Uniques/NPCs Destroyed . | . . . . Combat | -11 -10 -9 -9 -------- Run | Scr Mat Mat Min Damage Taken 1230 | . 257 75 898 Core 457 | . 56 8 393 Absorbed by Shields . | . . . . Core Remaining (%) 88 | 100 77 . . Volleys Fired 76 | . 49 6 21 Largest 2 | . 2 2 2 Hottest 123 | . 60 40 123 Shots Fired 100 | . 65 12 23 Gun 96 | . 65 12 19 Cannon 4 | . . . 4 Launcher . | . . . . Special . | . . . . Kinetic 82 | . 51 12 19 Thermal 2 | . . . 2 Explosive . | . . . . Electromagnetic 16 | . 14 . 2 Robot Hit Streak 39 | . 39 9 13 Robot Miss Streak 2 | . 2 1 1 Penetration Max . | . . . . Secondary Targets . | . . . . Shots Hit Robots 78 | . 47 11 20 Core Hits 29 | . 13 5 11 Critical Hits 2 | . 1 1 . Critical Kills 1 | . . 1 . Critical Parts Destroyed 1 | . 1 . . Melee Attacks . | . . . . Impact . | . . . . Slashing . | . . . . Piercing . | . . . . Sneak Attacks . | . . . . Combat Hostiles . | . . . . Follow-up Attacks . | . . . . Damage Inflicted 512 | . 235 90 187 Guns 465 | . 234 90 141 Cannons 46 | . . . 46 Explosions . | . . . . Melee . | . . . . Ramming 1 | . 1 . . Kinetic 396 | . 165 90 141 Thermal 23 | . . . 23 Explosive . | . . . . Electromagnetic 92 | . 69 . 23 Impact . | . . . . Slashing . | . . . . Piercing . | . . . . Highest Corruption 1 | . 1 . . Average Corruption 1 | . 1 . . Corruption Purged . | . . . . Effects 1 | . 1 . . Targeting Errors 1 | . 1 . . Overload Shots . | . . . . Overflow Damage . | . . . . Projectiles . | . . . . Explosions . | . . . . Melee . | . . . . Knockbacks . | . . . . Impact . | . . . . Kinetic . | . . . . Secondary . | . . . . Self-Inflicted Damage . | . . . . Shots . | . . . . Rammed 2 | . 2 . . Targets Rammed 2 | . 2 . . Kicked . | . . . . Crushed . | . . . . Highest Temperature 72 | . 58 6 72 Average Temperature 20 | . 19 3 32 Received Heat Transfer 356 | . 192 54 110 Siege Activations . | . . . . Robots Corrupted . | . . . . Combat Hostiles . | . . . . Parts Fried . | . . . . Impact Corruptions . | . . . . Robots Melted . | . . . . Combat Hostiles . | . . . . Parts Melted . | . . . . Heat Transferred 37 | . . . 37 Parts Sabotaged . | . . . . Parts Stolen . | . . . . Parts Stripped . | . . . . Power Chain Reactions . | . . . . Missiles Intercepted . | . . . . Alert | -11 -10 -9 -9 ------- Run | Scr Mat Mat Min Peak Influence 129 | . 129 70 23 Initial 23 | . . 5 23 Average 28 | . 50 34 13 Maximum Alert Level . | . . . . Low Security (%) 100 | 100 100 100 100 Level 1 . | . . . . Level 2 . | . . . . Level 3 . | . . . . Level 4 . | . . . . Level 5 . | . . . . High Security . | . . . . Max Security . | . . . . Squads Dispatched 1 | . 1 . . Investigation 1 | . 1 . . Extermination . | . . . . Reinforcement . | . . . . Assault . | . . . . Garrison . | . . . . Intercept . | . . . . Construction Impeded . | . . . . Haulers Reinforced . | . . . . Stealth | -11 -10 -9 -9 --------- Run | Scr Mat Mat Min Distress Signals 1 | . 1 . . Communications Jammed . | . . . . Distress Signals . | . . . . Times Spotted 26 | . 7 2 17 Peak Tracking Total 11 | . 3 2 11 Tactical Retreats 4 | . 1 . 3 Traps | -11 -10 -9 -9 ------- Run | Scr Mat Mat Min Traps Triggered 1 | . 1 . . Indirectly . | . . . . Trap Hack Attempts . | . . . . Triggered . | . . . . Disarmed . | . . . . Reprogrammed . | . . . . Reused . | . . . . Traps Extracted . | . . . . Installed . | . . . . Triggered . | . . . . Machines | -11 -10 -9 -9 ---------- Run | Scr Mat Mat Min Machines Disabled 1 | . 1 . . Max in Single Turn 1 | . 1 . . Machines Sabotaged . | . . . . Garrisons Compromised . | . . . . Overloaded Fab Kills . | . . . . Fab Network Shutdowns . | . . . . Hacking | -11 -10 -9 -9 --------- Run | Scr Mat Mat Min Machines Accessed 4 | . 2 2 . Terminals 2 | . 1 1 . Fabricators . | . . . . Repair Stations 1 | . 1 . . Recycling Units . | . . . . Scanalyzers 1 | . . 1 . Garrison Access . | . . . . Total Hacks 24 | . 14 10 . Successful 19 | . 12 7 . Failed 5 | . 2 3 . Catastrophic . | . . . . Database Lockouts . | . . . . Manual . | . . . . Terminals 15 | . 9 6 . Fabricators . | . . . . Repair Stations 5 | . 5 . . Recycling Units . | . . . . Scanalyzers 4 | . . 4 . Garrison Access . | . . . . Terminal Hacks 11 | . 8 3 . Record 5 | . 2 3 . Prototype ID Bank 1 | . 1 . . Emergency Access Points 1 | . 1 . . Alert Level 2 | . 2 . . Dispatch Records 1 | . 1 . . Zone Layout 1 | . 1 . . Fabricator Hacks . | . . . . Repair Station Hacks 4 | . 4 . . Scan Component 2 | . 2 . . Repair 2 | . 2 . . Recycling Unit Hacks . | . . . . Scanalyzer 4 | . . 4 . Insert Component 2 | . . 2 . Analyze 2 | . . 2 . Garrison Access Hacks . | . . . . Unauthorized Hacks . | . . . . Terminals . | . . . . Fabricators . | . . . . Repair Stations . | . . . . Recycling Units . | . . . . Scanalyzers . | . . . . Garrison Access . | . . . . Data Cores Recovered . | . . . . Used . | . . . . Hacking Detections 2 | . 1 1 . Full Trace Events 2 | . 1 1 . Feedback Events . | . . . . Feedback Blocked . | . . . . Robot Schematics Acquired . | . . . . Robots Built . | . . . . Matter . | . . . . Time . | . . . . Total Robot Build Rating . | . . . . Part Schematics Acquired 2 | . . 2 . Parts Built . | . . . . Matter . | . . . . Time . | . . . . Total Part Build Rating . | . . . . Parts Repaired 2 | . 2 . . Time 52 | . 52 . . Parts Recycled . | . . . . Recycled Matter . | . . . . Retrieved Matter . | . . . . Retrieved Components . | . . . . Parts Scanalyzed 2 | . . 2 . Part Schematics Acquired 2 | . . 2 . Parts Damaged . | . . . . Bothacking | -11 -10 -9 -9 ------------ Run | Scr Mat Mat Min Used RIF Installer . | . . . . Robots Hacked . | . . . . Non-combat . | . . . . Combat . | . . . . Robot Hacks Applied . | . . . . Relay Couplers Released . | . . . . Robots Rewired . | . . . . Allies Hacked . | . . . . Hacks Repelled . | . . . . Allies | -11 -10 -9 -9 -------- Run | Scr Mat Mat Min Total Allies . | . . . . Largest Group . | . . . . Highest-Rated Group . | . . . . Highest-Rated Ally . | . . . . Total Orders . | . . . . Ally Attacks . | . . . . Total Damage . | . . . . Kills . | . . . . Allies Corrupted . | . . . . Allies Melted . | . . . . Intel | -11 -10 -9 -9 ------- Run | Scr Mat Mat Min Robot Analysis Total . | . . . . Derelict Logs Recovered 1 | . . . 1 Drone Launches . | . . . . Drone Recoveries . | . . . . Exploration | -11 -10 -9 -9 ------------- Run | Scr Mat Mat Min Turns Passed 1164 | 183 453 169 359 Spaces Moved 569 | 146 221 94 108 Core 16 | 16 . . . Treads . | . . . . Legs 553 | 130 221 94 108 Wheels . | . . . . Hover . | . . . . Flight . | . . . . Fastest Speed 50 | 50 120 150 120 Average Speed 139 | 112 146 150 150 Slowest Speed 210 | 120 150 150 210 Overloaded Moves . | . . . . Propulsion Burnouts . | . . . . Robots Hopped . | . . . . Cave-ins Triggered . | . . . . Exploration Rate (%) 22 | 7 41 11 29 Regions Visited 3 Branch Regions 1 Pre-discovered Areas 1 | . . . 1 Known Exits Taken . | . . . . Unknown Exits Taken 3 | 1 1 1 . Scrap Searched 1 | . . . 1 Spaces Dug . | . . . . Terrain Destroyed 1 | . . . 1 Melee . | . . . . Projectile 1 | . . . 1 AOE . | . . . . Terrain Rammed . | . . . . Walls Destroyed . | . . . . Machines Disabled . | . . . . Actions | -11 -10 -9 -9 --------- Run | Scr Mat Mat Min Total 857 | 165 295 112 285 Wait 157 | 1 9 . 147 Move 566 | 145 220 93 108 Hop . | . . . . Pick Up 25 | 10 7 6 2 Fast Attach 1 | . 1 . . Attach 14 | 6 5 2 1 Detach 1 | . . . 1 Swap 7 | 1 . 3 3 Drop 6 | 2 2 2 . Fire 76 | . 49 6 21 Melee . | . . . . Ram . | . . . . Kick 2 | . 2 . . Crush . | . . . . Escape Stasis . | . . . . Rewire 2 | . . . 2 Trap . | . . . . Miscellaneous . | . . . . Route ------- -11/Scrapyard -10/Materials (discovered 2 exits: *Mat x2) -9/Materials -9/Mines History --------- Turn | Location | Event 13 | -11/Scrapyard | Discovered new exit (range 15) 184 | -11/Scrapyard | Entered Materials 304 | -10/Materials | Build established: Mutant 418 | -10/Materials | Discovered new exit (range 16) 436 | -10/Materials | Repaired Sensor Array 462 | -10/Materials | Repaired EM Pulse Gun? 622 | -10/Materials | Discovered new exit (range 5) 637 | -10/Materials | Entered another Materials area 637 | -9/Materials | Evolved 2 slots: Power x2 763 | -9/Materials | Discovered new exit (range 14) 806 | -9/Materials | Entered Mines 896 | -9/Mines | Assembled infested the area 1051 | -9/Mines | Lost 3 parts (1n2w) 1054 | -9/Mines | Core integrity fell below 50% 1107 | -9/Mines | Core integrity fell below 20% 1165 | -9/Mines | Destroyed by as-29493 with Assembled Rifle Last Messages --------------- Ion Cannon destroyed. K-01 Serf collects debris. G-34 Mercenary destroyed. U-05 Engineer builds a Wall. K-01 Serf collects debris. The unstable cave ceiling collapses. K-01 Serf collects debris. Aluminum Leg destroyed. K-01 Serf collects debris. K-01 Serf destroyed. U-05 Engineer lays Concrete. U-05 Engineer builds a Wall. K-01 Serf collects debris. U-05 Engineer lays Concrete. U-05 Engineer destroyed. K-01 Serf collects debris. U-05 Engineer builds a Wall. K-01 Serf destroyed. Imp. Terrain Scan Processor destroyed. K-01 Serf collects debris. Map ----- +----------------------------------------------------+ | ???????????????????????????# #?????? | | ???????????????????????????# #?????? | | ???????????????????????????# #?????? | | ????????????????????????#### #?????? | | ????????????????????????# *]#?????? | | ????????????????????????# ###?????? | | ????????????????????????# #???????? | | ????????????????????????# #???????? | | ????????????????????????# #???????? | | ???????????????????????##=|#???????? | | ???????????????????????#" a#???????? | | ???????????????????????## #???????? | | ????????????????????????# #???????? | | ????????????????????????# a#???????? | | ??????????????# ????????# #???????? | | ??????????????# #???????# #???????? | | ??????????????# "???????# #???????? | | ??????????????# ??????#!!#???????? | | ?????????????## < ?????#r=#???????? | | ?????????????# ????#= #???????? | | ?????????????# k ???# #???????? | | ???????????## ## ?## ##??????? | | ???????????# # ## ## ##?????? | | ????????????# % # != #?????? | | ?????????????# # !!%[* #?????? | | ??????????????????# #%@= #?????? | | ?????????????? !% #a%!%%%=!#?????? | | ????????????# %=####=a!%*== #?????? | | ????????????### ??!|=##=#%! #????? | | ???????????????? *%!%#=###= #???? | | ???????????????####%?# ?## ??? | | ??????????????# ??#*?# ???# ?? | | ??????????????????#??# #????# k #? | | ?????????????????????##??????## #? | | ???????????????????????????????# #? | | ???????????????????????????????? #? | | ????????????????????????????????? #? | | ????????????????????????????????? #? | | ???????????????????????????????????? | | ???????????????????????????????????? | | ???????????????????????????????????? | | ???????????????????????????????????? | | ???????????????????????????????????? | | ???????????????????????????????????? | | ???????????????????????????????????? | | ???????????????????????????????????? | | ???????????????????????????????????? | | ???????????????????????????????????? | | ???????????????????????????????????? | | ???????????????????????????????????? | +----------------------------------------------------+ Best States ------------- Heat Dissipation 28 Energy Generation 10 Energy Capacity 125 Matter Stores 300 Matter Capacity 300 Sight Range 16 Robot Scan Range 10 Terrain Scan Density 110 Resistance: KI 20 Resistance: TH 20 Resistance: EX 20 Resistance: EM 20 Resistance: I 20 Resistance: S 20 Resistance: P 20 Evasion (%) 40 Offensive Hacking 10 Item Schematics ----------------- Hcp. Matter Pod | -9/Materials | Scanalyzed Targeting Computer | -9/Materials | Scanalyzed Robot Schematics ------------------ None Fabricated ------------ Nothing Alien Tech Used ----------------- None Achievements -------------- Part-time Mechanic Challenges ------------ None Game ------ Seed DroneCentriumTriangulator Manual? 0 Play Time 00:22:50 Cumulative 1.2 hours Start 2021.03.12 @ 21:22:14 End 2021.03.12 @ 21:46:29 Sessions 1 Manual Loads 0 Difficulty Adventurer Special Mode None Game No. 4 Rogue 2 Adventurer 2 Explorer 0 Win Type - Total 0 Types 0/0/0/0/0/0/0/0/0 Lore% 1 Gallery% 3 Achievement% 2 Wizard Run 0 Options --------- ASCII 0 Keyboard 0 Movement Arrows Keybinds 0 Fullscreen 0 Font 16/SmallcapsGlow Map View 76x50 Tactical HUD 0 Map Filters NONE Filters NONE Steam 1 RUN: b5a17e2c-62c5-435b-bf3f-f7301c88197c